 Dungeon Crawl Stone Soup version 0.30-a0-630-g881e3bac89 (webtiles) character file.

Game seed: 3305297478755412397

18255 arctic1k the Zephyrmancer (level 12, -12/77 HPs)
             Began as a Tengu Air Elementalist on Jan 13, 2023.
             Was a Priest of Vehumet.
             Mangled by a death yak (25 damage)
             ... on level 1 of the Lair of Beasts.
             The game lasted 00:50:45 (17774 turns).

arctic1k the Zephyrmancer (Tengu Air Elementalist) Turns: 17774, Time: 00:50:46

Health: -12/77     AC:  4    Str:  7    XL:     12   Next: 56%
Magic:  18/29      EV: 13    Int: 34    God:    Vehumet [***...]
Gold:   602        SH:  6    Dex: 19    Spells: 20/35 levels left

rFire   + . .      SeeInvis .    x - +1 dagger (venom)
rCold   + . .      Faith    .    S - +2 buckler {reflect}
rNeg    + . .      Spirit   .    P - +0 leather armour "Cuadiakh" {Str-2 Int+9 Dex+3}
rPois   .          Reflect  +    (helmet restricted)
rElec   .          Harm     .    r - scarf {rC+ rF+}
rCorr   .          Rampage  .    N - +0 pair of gloves
Will    .....                    (boots unavailable)
Stlth   ++                       a - amulet of magic regeneration
HPRegen 0.32/turn                k - ring of positive energy
MPRegen 0.61/turn                i - +6 ring of intelligence

@: sluggish, flying quickly and evasively, studying Fighting, very slow
A: beak, talons 3, nimble flight
a: Renounce Religion


You were on level 1 of the Lair of Beasts.
You worshipped Vehumet.
Vehumet was most pleased with you.
You visited 3 branches of the dungeon, and saw 13 of its levels.
You also visited: Ossuary and Gauntlet.

You collected 602 gold pieces.

Inventory:

Hand Weapons
 x - a +1 dagger of venom (weapon)
Missiles
 u - a throwing net
Armour
 r - a scarf of resistance (worn)
 E - +0 steam dragon scales
 I - the +4 helmet of Ifekk {Will- Str+4 Int+4 Slay+4}
   (You found it on level 6 of the Dungeon)

   Str:       It affects your strength (+4).
   Int:       It affects your intelligence (+4).
   Slay:      It affects your accuracy & damage with ranged weapons and melee
   (+4).
   Will:      It decreases your willpower.
 N - a +0 pair of gloves (worn)
 P - the +0 leather armour "Cuadiakh" (worn) {Str-2 Int+9 Dex+3}
   (You found it on level 9 of the Dungeon)

   Str:       It affects your strength (-2).
   Int:       It affects your intelligence (+9).
   Dex:       It affects your dexterity (+3).
 S - a +2 buckler of reflection (worn)
Jewellery
 a - an amulet of magic regeneration (around neck)
 c - a ring of wizardry
 e - an amulet of the acrobat
 f - a ring of resist corrosion
 i - a +6 ring of intelligence (right hand)
 k - a ring of positive energy (left hand)
 G - the ring "Lokafy" {EV+5 Int+3}
   (You found it in a Gauntlet)

   [ring of evasion]

   EV:        It affects your evasion (+5).
   Int:       It affects your intelligence (+3).
 H - a ring of positive energy
 J - a ring of protection from cold
 K - an amulet of guardian spirit
 M - a +6 ring of dexterity
 T - a ring of positive energy
 U - a ring of magical power
Wands
 q - a wand of mindburst (4)
 D - a wand of charming (22)
 F - a wand of roots (18)
 Q - a wand of acid (4)
Scrolls
 l - 2 scrolls of fear
 m - 4 scrolls of teleportation
 n - 3 scrolls of amnesia
 p - 3 scrolls of fog
 t - a scroll of vulnerability
 v - 5 scrolls of immolation
 y - 3 scrolls of noise {unknown}
 B - 3 scrolls of enchant weapon
 R - a scroll of butterflies {unknown}
 V - a scroll of magic mapping
Potions
 b - 2 potions of magic
 d - 2 potions of brilliance
 g - 3 potions of heal wounds
 h - 2 potions of haste
 j - 2 potions of invisibility
 o - 5 potions of might
 s - 4 potions of mutation
 w - 3 potions of degeneration
 z - 2 potions of lignification
 A - a potion of attraction
 C - 3 potions of curing
 L - a potion of berserk rage {unknown}
 O - a potion of ambrosia {unknown}


   Skills:
 * Level 10.2 Fighting
 - Level 2.1 Dodging
 - Level 2.0 Stealth
 * Level 12.4 Spellcasting
 + Level 12.2 Conjurations
 + Level 12.8 Air Magic


You had 20 spell levels left.
You knew the following spells:

 Your Spells              Type           Power      Damage    Failure   Level
a - Shock                 Conj/Air       100%       1d9       1%          1
b - Static Discharge      Conj/Air       100%       2-7/arc   1%          2
c - Airstrike             Air            41%        2d(6-22)  1%          4
d - Blink                 Tloc           42%        N/A       6%          2
e - Swiftness             Air            83%        N/A       1%          3
f - Stone Arrow           Conj/Erth      100%       3d13      1%          3

Your spell library contained the following spells:

 Spells                   Type           Power      Damage    Failure   Level
 Mephitic Cloud           Conj/Pois/Air  67%        N/A       1%          3
 Kiss of Death            Conj/Necr      100%       2d13      1%          1
 Sandblast                Erth           42%        2d11      1%          1
 Momentum Strike          Conj/Tloc      100%       3d10      1%          2
 Flame Wave               Conj/Fire      58%        2d14      1%          4
 Sticky Flame             Conj/Fire      58%        2d7       1%          4
 Inner Flame              Hex/Fire       21%        N/A       3%          3
 Call Imp                 Summ           21%        N/A       6%          2
 Ensorcelled Hibernation  Hex/Ice        42%        N/A       6%          2
 Passwall                 Tmut/Erth      17%        N/A       6%          2
 Confusing Touch          Hex            21%        N/A       13%         3
 Lesser Beckoning         Tloc           42%        N/A       13%         3
 Spider Form              Tmut/Pois      21%        N/A       13%         3
 Anguish                  Hex/Necr       10%        N/A       38%         4
 Dispel Undead            Necr           21%        3d11      38%         4
 Manifold Assault         Tloc           21%        N/A       38%         4
 Storm Form               Tmut/Air       29%        N/A       95%         7


Dungeon Overview and Level Annotations

Branches:
Dungeon (11/15)            Temple (1/1) D:7            Lair (1/5) D:10
    Orc (0/2) D:11        Ossuary (visited)         Gauntlet (visited)

Altars:
Ashenzari
Cheibriados
Elyvilon
Fedhas
Gozag
Hepliaklqana
Kikubaaqudgha
Makhleb
Nemelex Xobeh
Okawaru
Qazlal
Ru
Uskayaw
Vehumet
Wu Jian
Xom
Yredelemnul
Zin
The Shining One

Annotations:
D:2 1 runed translucent door, Crazy Yiuf
D:9 exclusion: door
Lair:1 Harold


Innate Abilities, Weirdness & Mutations

You have a beak for a mouth.
You have claws for feet.
Your magical nature lets you fly swiftly and evasively.


Message History

The stone arrow hits the death yak.
The death yak is moderately wounded.
Casting: Stone Arrow (safe; 1% risk of failure)
Confirm with . or Enter, or press ? or * to list all spells.
Aiming: Stone Arrow (safe; 1% risk of failure)
Press: ? - help, Shift-Dir - straight line, f/p - death yak
Aim: a death yak (moderately wounded, 92% to hit)
The stone arrow hits the death yak but does no damage.
The death yak is moderately wounded.
The death yak attacks as you move away! The death yak misses you.
The death yak attacks as you move away! The death yak misses you.
Harold throws a throwing net.
The throwing net hits you.
You become entangled in the net!
You see here a throwing net.
You struggle against the net.
The death yak gores you!!
You struggle against the net.
Harold hits you with a +0 flail. The death yak barely misses you.
You rip the net and break free!
The death yak bellows!
Harold hits you with a +0 flail!
A death yak comes into view.
The death yak barely misses you.
Harold throws a throwing net.
You reflect the throwing net off your +2 buckler of reflection!
The throwing net hits Harold.
Harold is caught in the net!
Harold struggles against the net. x2
Harold struggles against the net.
The death yak gores you.
Harold struggles against the net. x2; The death yak gores you!
* * * LOW HITPOINT WARNING * * *
The death yak barely misses you.
Harold struggles against the net.
The death yak attacks as you move away! The death yak closely misses you.
The death yak attacks as you move away! The death yak gores you!
* * * LOW HITPOINT WARNING * * *
Harold struggles against the net.
The death yak bellows!
Harold struggles against the net.
The net rips apart, and Harold comes free!
The death yak gores you!!
You die...

.#.##..###.P##..#.#....#.#...###P
....................@....Y.Y.....
.####..#.##..#######Y###P.##P..##
######..####.######...###.###P.##
................................~
##.####.##.##..###.Y....####....~
*#.#.#P.†#.#..##.#......#**.....≈
,................YY............#≈
*#P.#.#.#.......@.†............#≈
............................,,,*~
#......P#P.##..###..#.##.###.#**#
.......#######.#.#..P.#..###.####
,................................
,###.##.PP###...###P......#..P..#
,,,..,,,.........................
,,,,,,,,.#.#.###P.#.##.......###.
,,,,,,,,.........................


You could see 4 death yaks and Harold.

Vanquished Creatures
  A minotaur (Gauntlet)
  2 two-headed ogres
  A death yak (Lair:1)
  2 wizards (Gauntlet)
  2 cyclopes (D:11)
  An ugly thing (D:11)
  A cane toad (Lair:1)
  A rime drake (D:10)
  2 komodo dragons
  The ghost of Ignak the Sneak, a novice OpEn of Dithmenos (D:4)
  A kobold demonologist (D:9)
  2 unseen horrors (D:11)
  3 trolls
  3 meliai (Gauntlet)
  A hornet (D:11)
  2 shadows (D:11)
  15 yaks
  2 vampires
  3 steam dragons
  Grum (D:9)
  Edmund (D:4)
  5 water moccasins
  An acid dragon (D:11)
  11 orc warriors
  8 ice beasts
  3 black bears
  An ogre (D:6)
  5 wolves
  A sky beast (D:7)
  5 kobold brigands
  3 phantoms
  A necrophage (D:7)
  6 bullfrogs
  5 scorpions
  4 wights (D:9)
  19 killer bees
  2 electric eels (D:11)
  3 howler monkeys
  2 jellies
  10 orc priests
  2 hounds
  2 iguanas
  11 orc wizards
  12 mummies (Ossuary)
  9 adders
  4 gnolls (D:5)
  2 shadow imps (D:6)
  4 white imps (Gauntlet)
  A worm (D:2)
  4 dart slugs
  53 orcs
  8 endoplasms
  2 giant cockroaches (D:1)
  7 hobgoblins
  7 jackals
  15 kobolds
  2 quokkas
  5 ball pythons
  7 bats
  A frilled lizard (D:1)
  7 goblins
  4 goblin skeletons (Ossuary)
  3 kobold skeletons (Ossuary)
  An orc skeleton (Ossuary)
  6 rats
  11 rat skeletons (Ossuary)
333 creatures vanquished.

Vanquished Creatures (others)
  A fungus (Lair:1)
  29 plants
  27 withered plants
57 creatures vanquished.

Grand Total: 390 creatures vanquished

Notes
Turn   | Place    | Note
-------+----------+-------------------------------------------
     0 | D:1      | arctic1k the Tengu Air Elementalist began the quest for the
                  | Orb.
     0 | D:1      | Reached XP level 1. HP: 10/10 MP: 4/4
    88 | D:1      | Found a faded altar of an unknown god.
   107 | D:1      | Reached XP level 2. HP: 15/15 MP: 3/6
   110 | D:1      | Learned a level 2 spell: Static Discharge
   751 | D:1      | Reached XP level 3. HP: 19/19 MP: 5/8
  1403 | D:2      | Reached XP level 4. HP: 24/24 MP: 4/9
  1483 | D:1      | Learned a level 4 spell: Airstrike
  1809 | D:2      | Learned a level 2 spell: Blink
  1967 | D:2      | Reached skill level 5 in Air Magic
  1967 | D:2      | Gained mutation: Your magical nature lets you fly swiftly
                  | and evasively. [Tengu growth]
  1967 | D:2      | Reached XP level 5. HP: 28/28 MP: 0/11
  2270 | D:2      | Found a runed translucent door.
  2271 | D:2      | Noticed Crazy Yiuf
  2924 | D:3      | Found a snail-covered altar of Cheibriados.
  2924 | D:3      | Found a broken altar of Ashenzari.
  2931 | D:3      | Found an opulent altar of Gozag.
  2933 | D:3      | Found a shimmering altar of Xom.
  2936 | D:3      | Found a stormy altar of Qazlal.
  3075 | D:3      | Found a white marble altar of Elyvilon.
  3155 | D:4      | Found a sand-covered staircase.
  3155 | D:4      | Noticed Edmund
  3162 | Ossuary  | Entered an ossuary
  3263 | Ossuary  | Learned a level 3 spell: Swiftness
  3378 | Ossuary  | Reached XP level 6. HP: 32/32 MP: 8/13
  4143 | D:4      | Found a runed translucent door.
  4144 | D:4      | Noticed Ignak's ghost (novice OpEn)
  4384 | D:4      | Reached skill level 1 in Fighting
  4384 | D:4      | Reached XP level 7. HP: 25/38 MP: 9/15
  4487 | D:4      | Reached skill level 5 in Spellcasting
  5279 | D:4      | Killed Edmund
  5280 | D:4      | Reached skill level 5 in Conjurations
  5394 | D:4      | Killed Ignak's ghost
  5395 | D:4      | Reached XP level 8. HP: 45/45 MP: 8/17
  5473 | D:4      | Got the Catalogue of Phlogiston and the Commander
  5484 | D:5      | Entered Level 5 of the Dungeon
  5633 | D:5      | Found an iron altar of Okawaru.
  5667 | D:5      | Found an ancient bone altar of Kikubaaqudgha.
  6818 | D:6      | Identified the +4 helmet of Ifekk {Will- Str+4 Int+4
                  | Slay+4}
  6830 | D:6      | Reached XP level 9. HP: 52/52 MP: 14/20
  8654 | D:7      | Found a glowing golden altar of the Shining One.
  8976 | D:7      | Found a staircase to the Ecumenical Temple.
  8980 | D:7      | Reached skill level 5 in Fighting
  9098 | Temple   | Entered the Ecumenical Temple
  9133 | Temple   | Became a worshipper of Vehumet
  9647 | D:8      | Reached XP level 10. HP: 59/59 MP: 14/23
 10127 | D:8      | Learned a level 3 spell: Stone Arrow
 11001 | D:9      | Noticed a two-headed ogre
 11006 | D:9      | Killed a two-headed ogre
 11007 | D:9      | Reached skill level 10 in Air Magic
 11139 | D:9      | Noticed Grum
 11149 | D:9      | Killed Grum
 11242 | D:9      | Reached * piety under Vehumet
 11242 | D:9      | Offered knowledge of Magic Dart by Vehumet.
 11311 | D:9      | Identified the +0 leather armour "Cuadiakh" {Str-2 Int+9
                  | Dex+3}
 11787 | D:9      | Noticed a kobold demonologist
 11851 | D:9      | Reached skill level 10 in Spellcasting
 11857 | D:9      | Reached skill level 10 in Conjurations
 12153 | D:9      | Reached XP level 11. HP: 61/63 MP: 18/26
 12765 | D:10     | Entered Level 10 of the Dungeon
 12951 | D:10     | Found a staircase to the Lair.
 13341 | D:10     | Reached ** piety under Vehumet
 13341 | D:10     | Offered knowledge of Poisonous Vapours by Vehumet.
 14888 | D:11     | Offered knowledge of Inner Flame by Vehumet.
 14981 | D:11     | Noticed a two-headed ogre
 15072 | D:11     | Killed a two-headed ogre
 15130 | D:11     | Reached *** piety under Vehumet
 15369 | D:11     | Found a staircase to the Orcish Mines.
 15544 | D:11     | Noticed a cyclops
 15548 | D:11     | Killed a cyclops
 15549 | D:11     | Reached XP level 12. HP: 29/73 MP: 11/28
 16350 | D:11     | Noticed a boulder beetle
 16358 | D:11     | Noticed a centaur warrior
 16443 | Lair:1   | Entered Level 1 of the Lair of Beasts
 16520 | Lair:1   | Offered knowledge of Mephitic Cloud by Vehumet.
 16544 | Lair:1   | Found a gate leading to a gauntlet.
 16559 | Gauntlet | Entered a Gauntlet
 16559 | Gauntlet | Found a transporter.
 16559 | Gauntlet | Found a transporter.
 16647 | Gauntlet | Found a transporter.
 16647 | Gauntlet | Found a transporter.
 16650 | Gauntlet | Found a transporter.
 16669 | Gauntlet | Found a transporter.
 16675 | Gauntlet | Found a transporter.
 16679 | Gauntlet | Noticed a soul eater
 16683 | Gauntlet | Found a transporter.
 16700 | Gauntlet | Found a transporter.
 16708 | Gauntlet | Found a transporter.
 16725 | Gauntlet | Found a transporter.
 16777 | Gauntlet | Found a transporter.
 17246 | Gauntlet | Identified the ring "Lokafy" {EV+5 Int+3}
 17293 | Gauntlet | Noticed a minotaur
 17375 | Gauntlet | Killed a minotaur
 17652 | Lair:1   | Reached skill level 10 in Fighting
 17717 | Lair:1   | Noticed a death yak
 17718 | Lair:1   | Noticed a death yak
 17720 | Lair:1   | Noticed a death yak
 17722 | Lair:1   | Noticed a death yak
 17746 | Lair:1   | Killed a death yak
 17756 | Lair:1   | Noticed Harold
 17768 | Lair:1   | Noticed a death yak
 17774 | Lair:1   | Mangled by a death yak

Illustrated notes

Levels and vault maps discovered:
D:1:      beargit_arrival_greenhouse, layout_loops_cross,
          ebering_ecumenical_altar_petrified
D:2:      layout_rooms, serial_forest, infiniplex_forest_lined_room_2,
          infiniplex_forest_corner_1, infiniplex_forest_clump_large,
          infiniplex_forest_clump_long, infiniplex_forest_clump_cross,
          infiniplex_forest_zigzag_1, infiniplex_forest_end_2,
          infiniplex_forest_zigzag_1, minmay_cupped, uniq_crazy_yiuf_cottage
D:3:      layout_rooms, chequers_temple_overflow_minitemple,
          mainiacjoe_overflow_concentric_impassable
D:4:      layout_layer_cave, ebering_ghost_inner_flame, enter_ossuary_3,
          uniq_edmund
D:5:      layout_loops_ring, mainiacjoe_overflow_catch_the_wave,
          dreamdust_princess_corridor
D:6:      layout_cave_pools, serial_co_window_serial,
          co_window_of_opportunity_a, co_window_paths_b, co_window_corner_a,
          co_window_paths_b, co_window_of_opportunity_a,
          co_window_of_opportunity_a, co_window_corner_a, co_window_cross_2,
          co_window_paths_c, co_window_cross_2, co_window_4corner_b,
          co_window_paths_d, glass_columns_c, glass_columns_b, glass_columns_a,
          glass_columns_c, glass_columns_b, corexii_item_surrounded_by_moat
D:7:      layout_rooms, nicolae_overflow_hidden_temple,
          minmay_temple_entry_stoned_glass
D:8:      layout_gridville
D:9:      minmay_octagon_keep, layout_loops_corners, uniq_grum
D:10:     layout_long_grid, hellmonk_lair_entry_icy
D:11:     layout_cross, erik_orc_2, statue_in_the_mist_lemuel,
          kennysheep_pointless_box, minmay_the_grid_2x2
          [minmay_the_grid_diamond_grid, minmay_the_grid_aliased_spiral,
          minmay_the_grid_pillar_ring, minmay_the_grid_prize_big_room]
Temple:   nicolae_temple_god_jail
Lair:1:   layout_long_grid, gauntlet_entry_generic,
          hangedman_lair_unloving_vines, chequers_serial_rivers_micro_b,
          uniq_harold

Skill      XL: |  1  2  3  4  5  6  7  8  9 10 11 12 |
---------------+-------------------------------------+-----
Conjurations   | 2 3 4 5 6 8 10 11 12 | 12.2
Spellcasting   | 3 4 5 7 8 10 11 12 | 12.4
Air Magic      | 5 6 7 9 10 12 | 12.8
Fighting       | 1 2 3 5 7 10 | 10.2
Dodging        | |  2.1
Stealth        | |  2.0

Action                   |  1- 3 |  4- 6 |  7- 9 | 10-12 || total
-------------------------+-------+-------+-------+-------++-------
Melee: Unarmed           |     1 |     2 |       |       ||     3
       Peck              |       |     1 |       |       ||     1
       Dagger            |       |       |       |     5 ||     5
       Punch             |       |       |       |     1 ||     1
 Cast: Shock             |    80 |   133 |   148 |   195 ||   556
       Airstrike         |       |     3 |    43 |   137 ||   183
       Static Discharge  |       |     5 |     9 |    37 ||    51
       Swiftness         |       |     1 |     2 |     4 ||     7
       Blink             |       |     1 |       |       ||     1
       Stone Arrow       |       |       |       |    43 ||    43
  Use: Scroll            |       |     4 |     5 |    11 ||    20
       Potion            |       |       |       |     9 ||     9
Armor: Robe              |       |     2 |     1 |       ||     3
       Steam dragon scal |       |       |       |     6 ||     6
       Leather armour    |       |       |       |     7 ||     7
Dodge: Dodged            |    11 |    14 |    24 |   122 ||   171
Block: Buckler           |       |       |       |     3 ||     3
       Reflection        |       |       |       |     1 ||     1

Table legend: (Time is in decaauts)
 A = Elapsed time spent in this place.
 B = Non-inter-level travel time spent in this place.
 C = Inter-level travel time spent in this place.
 D = Time resting spent in this place.
 E = Time spent auto-exploring this place.
 F = Levels seen in this place.
 G = Mean time per level.
                   A        B        C        D        E       F      G
               +--------+--------+--------+--------+--------+-----+--------+
         Total |  16968 |  16327 |    641 |   3938 |   9903 |  15 | 1131.2 |
       Dungeon |  14897 |  14265 |    632 |   3451 |   9021 |  11 | 1354.3 |
        Temple |     41 |     32 |      9 |      0 |     18 |   1 |   41.0 |
          Lair |    288 |    288 |      0 |      0 |    160 |   1 |  288.0 |
       Ossuary |    776 |    776 |      0 |    185 |    477 |   1 |  776.0 |
      Gauntlet |    965 |    965 |      0 |    302 |    225 |   1 |  965.0 |
               +--------+--------+--------+--------+--------+-----+--------+

Top non-repeatable levels by time:
     D:9: 1982 daAuts
    D:11: 1946 daAuts
     D:6: 1587 daAuts
    D:10: 1431 daAuts
     D:4: 1429 daAuts
     D:1: 1429 daAuts
     D:5: 1289 daAuts
     D:8: 1285 daAuts
     D:2: 1016 daAuts
Gauntlet: 965 daAuts
     D:7: 868 daAuts
 Ossuary: 776 daAuts
     D:3: 632 daAuts
  Lair:1: 288 daAuts
  Temple: 41 daAuts
